Map: Tempio ghiacciato

Players

Jhyrachy - Winner!

  • Race: Zerg Zerg
  • League: Silver

Fake

  • Race: Zerg Zerg
  • League: Bronze

VOD

Have the link to the VOD?

Description

Time

  • Played on: April 4, 2016, 12:34 p.m.
  • Length: 4:45
Show
View Real Time Build Order
Export as new Build Order

Jhyrachy Zerg - Winner!

Build Orders: Hatch First 

Get SALT Encoding   

  12  0:01  Drone  
  13  0:09  Drone  
  14  0:23  Overlord  
  14  0:41  Drone x3  
  17  0:56  Hatchery  
  16  0:58  Drone  
  17  1:09  Extractor  
  17  1:10  Drone  
  17  1:24  Spawning Pool  
  17  1:25  Drone  
  17  1:34  Drone  
  18  1:42  Drone  
  19  1:47  Overlord  
  19  2:16  Queen x2  
  19  2:20  Zergling x4  
  25  2:23  Spine Crawler  
  25  2:25  Spine Crawler  
  25  2:26  Zergling x4  
  25  2:27  Zergling x2  
  26  2:42  Metabolic Boost  
  22  3:09  Zergling x12  
  28  3:26  Overlord  
  28  3:27  Overlord  
  28  3:45  Zergling x2  
  28  3:46  Zergling x8  
  34  3:55  Zergling x2  
  34  3:56  Zergling x6  
  37  4:19  Zergling x2  
  37  4:20  Zergling x8  
  42  4:26  Zergling x2  
  42  4:27  Zergling x2  
Show
View Real Time Build Order
Export as new Build Order

Fake Zerg 

Build Orders: Pool First 

Get SALT Encoding   

  12  0:01  Drone  
  13  0:11  Drone  
  14  0:14  Extractor  
  14  0:16  Drone  
  14  0:33  Spawning Pool  
  13  0:38  Drone  
  14  0:47  Overlord  
  14  1:20  Metabolic Boost  
  14  1:21  Queen  
  14  1:24  Zergling x4  
  18  1:26  Zergling x2  
  19  1:37  Drone  
  20  1:46  Overlord  
  20  2:01  Zergling x2  
  21  2:09  Zergling x2  
  22  2:27  Hatchery  
  21  2:41  Zergling x4  
  21  2:42  Zergling x6  
  25  2:58  Zergling x4  
  23  3:12  Zergling x2  
  24  3:22  Overlord  
  24  3:39  Baneling Nest  
  23  3:46  Drone x3  
  23  3:48  Queen  
  28  3:51  Overlord  
  28  3:59  Drone  
  29  4:04  Drone  
  30  4:11  Drone x2  
  30  4:15  Drone  
  33  4:18  Drone  
  34  4:25  Zergling x2  
  34  4:26  Zergling x2  
Tags
 
Add a new tag
Caveats
  • Supply blocks, unpowered buildings, or Contaminate may cause inaccurate times.
  • Supply counts are checked every 10 seconds.